 Dungeon Crawl Stone Soup version 0.31-a0-355-g57cb03d3e8 (webtiles) character file.

Game seed: 10574982127788474299

107 Zeldest the Changeling (level 4, -11/23 HPs)
             Began as a Vine Stalker Shapeshifter on July 24, 2023.
             Mangled by a sleepcap (20 damage)
             ... on level 3 of the Dungeon.
             The game lasted 00:02:46 (1630 turns).

Zeldest the Changeling (Vine Stalker Shapeshifter)  Turns: 1630, Time: 00:02:46

Health: -11/23     AC:  2    Str: 17    XL:     4   Next: 85%
Magic:  0/5        EV:  2    Int: 10    God:
Gold:   208        SH:  0    Dex: 15    Spells: 3/3 levels left

rFire   . .          .
                       - Unarmed
rCold   . . .        (no shield)
rNeg    . . .        a - +0 animal skin
rPois   .            (helmet currently unavailable)
rElec   .            (cloak currently unavailable)
rCorr   .            (gloves currently unavailable)
SInv    .            (boots currently unavailable)
Will    .....        (no amulet)
Stlth   +            (no ring)
HPRegen 1.03/turn    (no ring)
MPRegen 0.09/turn

%: guardian spirit
@: beast-form, sleeping
A: beast (slay +2), fangs 2, regeneration 1, magic shield, antimagic bite, no
potion heal 2
a: Begin Untransformation


You were on level 3 of the Dungeon.
You were a hulking beast.
You visited 1 branch of the dungeon, and saw 3 of its levels.

You collected 208 gold pieces.

Inventory:

Missiles
 m - a throwing net
Armour
 a - a +0 animal skin (worn)
Jewellery
 d - an amulet of magic regeneration
Talismans
 c - a beast talisman
Scrolls
 f - 2 scrolls of vulnerability {unknown}
 h - a scroll of silence {unknown}
 j - a scroll of revelation {unknown}
 k - a scroll of blinking {unknown}
 l - a scroll of teleportation {unknown}
Potions
 b - a potion of lignification
 e - 5 potions of curing {unknown}
 g - a potion of brilliance {unknown}
 i - a potion of ambrosia {unknown}


   Skills:
 + Level 2.1 Fighting
 - Level 1.5 Dodging
 + Level 3.7 Unarmed Combat
 * Level 4.0 Shapeshifting


You had 3 spell levels left.
You didn't know any spells.
Your spell library contained the following spells:

 Spells                   Type           Power      Damage    Failure   Level
 Ensorcelled Hibernation  Hex/Ice        0%         N/A       50%         2
 Passwall                 Tmut/Erth      0%         N/A       50%         2
 Swiftness                Air            0%         N/A       75%         3
 Anguish                  Hex/Necr       0%         N/A       98%         4


Dungeon Overview and Level Annotations

Branches:
Dungeon (3/15) Zot: 16377

Altars:

Shops:
D:1 ?


Innate Abilities, Weirdness & Mutations

You are a hulking beast.
Your limbs bulge with bestial killing power. (Slay +2)
You have extremely sharp teeth.
Your natural rate of healing is unusually fast.
When hurt, damage is shared between your health and your magic reserves.
Your bite disrupts and absorbs the magic of your enemies.
Potions cannot restore your health.


Message History

m - a throwing net
Found a stone staircase leading down.
No target in view!
Found a stone staircase leading up.
No target in view!
A sleepcap comes into view.
A sleepcap is nearby!
A sleepcap is nearby!
A giant cockroach comes into view.
There are monsters nearby!
Found 9 gold pieces.
The sleepcap closely misses you.
You hit the sleepcap but do no damage. You bite the sleepcap.
You drain its power.
The sleepcap is lightly damaged.
The sleepcap closely misses you.
You hit the sleepcap. You bite the sleepcap. You drain its power.
The sleepcap is moderately damaged.
The sleepcap releases spores at you.
You hit the sleepcap but do no damage.
The sleepcap is moderately damaged.
The giant cockroach bites you but does no damage.
The sleepcap releases spores at you.
You are engulfed in a cloud of soporific spores!
You fall asleep.
The giant cockroach bites you but does no damage.
The sleepcap releases spores at you!
You wake up.
Ouch! That really hurt!
You are engulfed in a cloud of soporific spores!
You are unaffected.
Unknown command.
The sleepcap attacks as you move away! The sleepcap barely misses you.
The giant cockroach barely misses you.
You hit the giant cockroach.
You kill the giant cockroach!
The sleepcap releases spores at you.
You are engulfed in a cloud of soporific spores!
You fall asleep.
The sleepcap releases spores at you!!
Ouch! That really hurt!
You die...

..<#...........
................>...####
#....... ........#......
....... ......#.######.
#.#..$ ....#.#......#.
#....#####.#.#.####.#.
#....+..#...........#.
####....##.######.######.
#......fh................
#.########.######.######.
#.# #.# #. ..# #.# #.
#### #.# #. #.# #. #.# #.
####.######. ###
#...........


You could see a sleepcap.

Vanquished Creatures
  A hound (D:2)
  2 adders (D:2)
  A worm (D:2)
  4 endoplasms
  3 giant cockroaches
  8 goblins
  A hobgoblin (D:1)
  6 jackals
  3 quokkas
  2 ball pythons (D:1)
  6 bats
  3 frilled lizards (D:1)
  3 kobolds
  12 rats
55 creatures vanquished.

Notes
Turn   | Place    | Note
-------+----------+-------------------------------------------
     0 | D:1      | Zeldest the Vine Stalker Shapeshifter began the quest for
                  | the Orb.
     0 | D:1      | Reached XP level 1. HP: 9/9 MP: 2/2
    90 | D:1      | Reached skill level 1 in Fighting
   121 | D:1      | Reached XP level 2. HP: 8/14 MP: 1/3
   334 | D:1      | Reached XP level 3. HP: 15/18 MP: 4/4
   386 | D:1      | Found The Oracle's Delphic Readings.
   787 | D:2      | Gained mutation: Your natural rate of healing is unusually
                  | fast. [Vine Stalker growth]
   787 | D:2      | Reached XP level 4. HP: 16/23 MP: 3/5
  1494 | D:3      | Reached skill level 4 in Shapeshifting
  1630 | D:3      | Mangled by a sleepcap

Illustrated notes

Levels and vault maps discovered:
D:1:      dpeg_arrival_snail, layout_rooms, nicolae_nh_oracle_at_delphi
D:2:      layout_loops_ring
D:3:      layout_basic, tso_altar, serial_shops, nicolae_shop_rolling_square,
          shop, uniq_natasha

Skill      XL: |  1  2  3  4 |
---------------+-------------+-----
Fighting       | 1 2 |  2.1
Shapeshifting  | 4 |  4.0
Dodging        | |  1.5
Unarmed Combat | |  3.7

Action                     |  1- 3 |  4- 6 || total
---------------------------+-------+-------++-------
  Melee: Unarmed           |    78 |    38 ||   116
         Bite              |     9 |    11 ||    20
         Punch             |     2 |       ||     2
   Stab: Sleeping          |     1 |     2 ||     3
 Armour: Animal skin       |    16 |    10 ||    26
  Dodge: Dodged            |    56 |    24 ||    80

Table legend: (Time is in decaauts)
 A = Elapsed time spent in this place.
 B = Non-inter-level travel time spent in this place.
 C = Inter-level travel time spent in this place.
 D = Time resting spent in this place.
 E = Time spent auto-exploring this place.
 F = Levels seen in this place.
 G = Mean time per level.
                   A        B        C        D        E       F      G
               +--------+--------+--------+--------+--------+-----+--------+
         Total |   1621 |   1606 |     15 |     78 |   1191 |   3 |  540.3 |
       Dungeon |   1621 |   1606 |     15 |     78 |   1191 |   3 |  540.3 |
               +--------+--------+--------+--------+--------+-----+--------+

Top non-repeatable levels by time:
     D:1: 726 daAuts
     D:2: 568 daAuts
     D:3: 326 daAuts
